cohdb
Replays
Latest Replays
All Replays
Popular Replays
Top Player Replays
Match Explorer
How It Works
Community
CoH3 Stats
Reddit
Sign in to upload your games and track your stats! →
Sign in with Steam
Match 39777191
Unlisted
Match 39777191
Overview
Messages
Build Orders
End
Engineer Squad
Construct Weapon Support Center
Selects Heavy Weapons
M1919 Machine Gun Team
Bazooka Squad
Air Support Center
Mortar Pit
M3 Armored Personnel Carrier
Selects Assault Carriers
Engineer Squad
Bazooka Squad
Grasshopper Recon Run
M3 Assault Carrier
.30 cal Machine Gun
.30 cal Machine Gun
M3 Assault Carrier
.30 cal Machine Gun
Grasshopper Recon Run
M1919 Machine Gun Team
Selects M2HB .50cal Heavy Machine Gun
Construct Tank Depot
Grasshopper Recon Run
P-47 Strafing Run
Selects Halftrack Strongpoints
P-47 Strafing Run
Grasshopper Recon Run
M4(105) Sherman Bulldozer
M3 Assault Carrier
糕糕团
xizi20
Pin0kyo
sharpshooter
0
0
Comments
sign in to comment!
No comments posted yet!